 Dungeon Crawl Stone Soup version 0.31-a0-774-g0d66cbabe8 (webtiles) character file.

Game seed: 10082016612443222621

754 tyreese12 the Covered (level 7, 0/61 HPs)
             Began as a Minotaur Fighter on Sept 17, 2023.
             Slain by an orc warrior
             ... wielding a +1 scimitar of distortion
              (13 damage)
             ... on level 5 of the Dungeon.
             The game lasted 00:10:04 (3964 turns).

tyreese12 the Covered (Minotaur Fighter)            Turns: 3964, Time: 00:10:05

Health: 0/61       AC:  7    Str: 23    XL:     7   Next: 49%
Magic:  6/6        EV: 10    Int:  5    God:
Gold:   218        SH:  4    Dex:  9    Spells: 6/6 levels left

rFire   . . .        q - +5 flail (protect)
rCold   . . .        c - +0 buckler
rNeg    . . .        b - +0 scale mail
rPois   .            (helmet restricted)
rElec   .            (no cloak)
rCorr   .            (no gloves)
SInv    .            (no boots)
Will    .....        (no amulet) Stlth
                     (no ring)
HPRegen 0.30/turn    (no ring)
MPRegen 0.10/turn

%: no passive effects
@: no status effects
A: horns 2, retaliatory headbutt
a: no special abilities


You were on level 5 of the Dungeon.
You visited 1 branch of the dungeon, and saw 5 of its levels.

You collected 218 gold pieces.

Inventory:

Hand Weapons
 a - a +0 war axe
 q - a +5 flail of protection (weapon)
Armour
 b - a +0 scale mail (worn)
 c - a +0 buckler (worn)
Talismans
 s - a storm talisman
Wands
 m - a wand of polymorph (9)
Scrolls
 e - a scroll of blinking
 g - a scroll of noise {unknown}
 j - 2 scrolls of vulnerability
 l - a scroll of revelation
 n - 3 scrolls of fog
Potions
 d - 3 potions of might
 f - 2 potions of brilliance
 h - 3 potions of berserk rage
 i - a potion of degeneration {unknown}
 k - 3 potions of ambrosia {unknown}
 o - a potion of cancellation {unknown}
 p - a potion of attraction {unknown}


   Skills:
 + Level 5.0 Fighting
 + Level 6.5 Axes
 + Level 0.4(4.0) Maces & Flails
 + Level 6.6 Armour
 + Level 2.0 Dodging
 + Level 0.5 Stealth
 + Level 4.9 Shields


You had 6 spell levels left.
You didn't know any spells.
Your spell library contained the following spells:

 Spells                   Type           Power      Damage    Failure   Level
 Blink                    Tloc           0%         N/A       92%         2
 Lesser Beckoning         Tloc           0%         N/A       92%         2
 Momentum Strike          Conj/Tloc      0%         3d8       92%         2
 Call Canine Familiar     Summ           0%         N/A       99%         3
 Sigil of Binding         Hex            0%         N/A       99%         3
 Dimensional Bullseye     Hex/Tloc       0%         N/A       100%        4
 Leda's Liquefaction      Hex/Erth       0%         N/A       100%        4


Dungeon Overview and Level Annotations

Branches:
Dungeon (5/15)
 Temple: D:4-7

Altars:
Kikubaaqudgha


Innate Abilities, Weirdness & Mutations

You have a pair of horns on your head.
You reflexively headbutt those who attack you in melee.


Message History

You kill the white imp!
An orc warrior comes into view.
It is wielding a +1 scimitar of distortion.
The orc warrior shouts!
The orc warrior unwields a +1 scimitar of distortion.
Its appearance distorts for a moment.
The orc warrior wields a +0 orcbow.
The orc warrior shoots an arrow.
The arrow hits you but does no damage.
An orc comes into view. It is wielding a +0 club.
The orc warrior shoots an arrow.
The arrow barely misses you.
You sock the orc!
Your weapon exudes an aura of protection.
You kill the orc!
The orc warrior shoots an arrow.
The arrow barely misses you.
The orc warrior shoots an arrow.
The arrow hits you but does no damage.
Things that are here:
a +2 falchion of holy wrath; a +0 chain mail The orc warrior shoots an arrow.
The arrow hits you.
The orc warrior shoots an arrow.
The arrow hits you!
Things that are here:
a +2 falchion of holy wrath; a +0 chain mail You hit the orc.
Your weapon exudes an aura of protection.
You headbutt the orc, but do no damage.
The orc is heavily wounded.
The orc hits you but does no damage.
You sock the orc!
You kill the orc!
The orc warrior shoots an arrow.
The arrow hits you!
Things that are here:
a +0 club; a +0 ring mail; an orc corpse The orc warrior shoots an arrow.
The arrow hits you!
The orc warrior shoots an arrow.
The arrow hits you.
Things that are here:
a +2 falchion of holy wrath; a +0 chain mail The orc warrior shoots an arrow.
The arrow hits you!
* * * LOW HITPOINT WARNING * * *
The orc warrior unwields a +0 orcbow.
The orc warrior wields a +1 scimitar of distortion.
Its appearance distorts for a moment.
The orc warrior hits you with a +1 scimitar of distortion!
You die...

... #.### ....
#.#.## ....###.#..
..........###
............
..........###
............#
......o@....#
........)...#
#.......#)###
#......##.#####.#
..........>......
.......##..######
....######..# ....
#......#
.........##....<.#


You could see an orc warrior.

Vanquished Creatures
  Sigmund (D:2)
  Edmund (D:4)
  A water moccasin (D:4)
  A black bear (D:5)
  An ogre (D:4)
  A howler monkey (D:4)
  An iguana (D:4)
  A sleepcap (D:5)
  A white imp (D:5)
  4 worms
  A dart slug (D:1)
  7 orcs
  9 bats
  8 endoplasms
  5 giant cockroaches
  9 goblins
  10 hobgoblins
  3 quokkas
  11 ball pythons
  4 frilled lizards
  5 kobolds
  4 rats
89 creatures vanquished.

Vanquished Creatures (others)
  A human (D:3)
1 creature vanquished.

Grand Total: 90 creatures vanquished

Notes
Turn   | Place    | Note
-------+----------+-------------------------------------------
     0 | D:1      | tyreese12 the Minotaur Fighter began the quest for the Orb.
     0 | D:1      | Reached XP level 1. HP: 19/19 MP: 0/0
   147 | D:1      | Reached XP level 2. HP: 27/27 MP: 1/1
   206 | D:1      | You fall into a shaft and drop 1 floor!
   542 | D:2      | Reached XP level 3. HP: 27/33 MP: 2/2
   930 | D:2      | Noticed Sigmund
   945 | D:2      | Killed Sigmund
   946 | D:2      | Reached skill level 5 in Armour
   946 | D:2      | Reached skill level 1 in Dodging
   946 | D:2      | Reached XP level 4. HP: 21/41 MP: 3/3
   946 | D:2      | Reached XP level 5. HP: 24/47 MP: 4/4
  2308 | D:3      | Found an ancient bone altar of Kikubaaqudgha.
  2309 | D:3      | Noticed a human
  2312 | D:3      | Killed a human
  2570 | D:4      | Reached XP level 6. HP: 53/53 MP: 5/5
  2571 | D:4      | Noticed Edmund
  2592 | D:4      | Killed Edmund
  2593 | D:4      | Reached skill level 5 in Axes
  2913 | D:4      | Noticed a water moccasin
  2919 | D:4      | Killed a water moccasin
  3034 | D:4      | Reached skill level 5 in Fighting
  3034 | D:4      | Reached XP level 7. HP: 36/61 MP: 6/6
  3778 | D:5      | Entered Level 5 of the Dungeon
  3964 | D:5      | Slain by an orc warrior

Illustrated notes

Levels and vault maps discovered:
D:1:      minmay_arrival_stone_box, layout_rooms
D:2:      minmay_razor_zed, layout_basic, grunt_decor_resistance,
          grunt_ministairs_4, uniq_sigmund
D:3:      kennysheep_six_static_rooms, layout_basic, tgw_kikubaaqudgha
D:4:      layout_cave_pods, uniq_edmund
D:5:      layout_basic, uniq_crazy_yiuf_cottage

Skill      XL: |  1  2  3  4  5  6  7 |
---------------+----------------------+-----
Shields        | 4 |  4.9
Fighting       | 4 5 |  5.0
Armour         | 5 6 |  6.6
Axes           | 4 6 |  6.5
Dodging        | 1 2 |  2.0
Maces & Flails | |  0.4
Stealth        | |  0.5

Action                     |  1- 3 |  4- 6 |  7- 9 || total
---------------------------+-------+-------+-------++-------
  Melee: War axe           |    88 |    82 |     3 ||   173
         Headbutt          |     9 |    12 |     3 ||    24
         Flail             |       |       |    26 ||    26
    Use: Scroll            |       |     3 |     7 ||    10
         Potion            |       |     3 |       ||     3
 Armour: Scale mail        |    84 |    51 |    30 ||   165
  Dodge: Dodged            |    59 |    38 |    24 ||   121
  Block: Buckler           |    36 |    19 |     7 ||    62

Table legend: (Time is in decaauts)
 A = Elapsed time spent in this place.
 B = Non-inter-level travel time spent in this place.
 C = Inter-level travel time spent in this place.
 D = Time resting spent in this place.
 E = Time spent auto-exploring this place.
 F = Levels seen in this place.
 G = Mean time per level.
                   A        B        C        D        E       F      G
               +--------+--------+--------+--------+--------+-----+--------+
         Total |   4040 |   4040 |      0 |      0 |   2869 |   5 |  808.0 |
       Dungeon |   4040 |   4040 |      0 |      0 |   2869 |   5 |  808.0 |
               +--------+--------+--------+--------+--------+-----+--------+

Top non-repeatable levels by time:
     D:2: 1399 daAuts
     D:4: 1247 daAuts
     D:3: 987 daAuts
     D:1: 216 daAuts
     D:5: 190 daAuts
